 Dungeon Crawl Stone Soup version 0.19-a0-1682-g5114f93 (webtiles) character file.

12094 AlphabetPasta the Carver (level 11, -7/94 HPs)
             Began as a Demigod Wanderer on Sept 23, 2016.
             Mangled by a wraith (12 damage)
             ... led by Josephine
             ... on level 10 of the Dungeon on Sept 24, 2016.
             The game lasted 01:26:48 (15991 turns).

AlphabetPasta the Carver (Demigod Wanderer)        Turns: 15991, Time: 01:26:48

Health: -7/94      AC: 11    Str: 20    XL:     11   Next: 32%
Magic:  14/14      EV: 13    Int: 16    God:
Gold:   376        SH: 10    Dex: 16    Spells: 0 memorised, 10 levels left

rFire  . . .     SeeInvis .     c - +1 short sword (holy)
rCold  . . .     Gourm    .     k - +2 ring mail {MR+}
rNeg   . . .     Faith    .     p - +0 shield
rPois  .         Spirit   .     g - +1 hat
rElec  .         Dismiss  .     (no cloak)
rCorr  .         Reflect  .     (no gloves)
MR     ++...     Harm     .     r - +0 pair of boots
Stlth  +.........               (no amulet)
                                (no ring)
                                (no ring)

@: slowed, drained, very slow
A: high mp 1
a: no special abilities


You were on level 10 of the Dungeon.
You were not hungry.

You visited 1 branch of the dungeon, and saw 10 of its levels.

You collected 729 gold pieces.
You spent 353 gold pieces at shops.

Inventory:

Hand Weapons
 a - a +0 long sword
 b - a +0 blowgun
 c - a +1 short sword of holy wrath (weapon)
 d - a +0 short sword
 v - a +0 falchion
 B - a +1 morningstar
Missiles
 j - 2 tomahawks (quivered)
 u - 15 poisoned needles
Armour
 e - a +0 robe
 g - a +1 hat (worn)
 k - a +2 ring mail of magic resistance (worn)
 p - a +0 shield (worn)
 r - a +0 pair of boots (worn)
 t - a +0 cloak
Jewellery
 z - the ring of Mutikecsya {rElec rF+ MR+ Dex-3}
   (You found it on level 5 of the Dungeon)

   [ring of protection from fire]

   It affects your dexterity (-3).
   It protects you from fire.
   It insulates you from electricity.
   It affects your resistance to hostile enchantments.
Wands
 q - a wand of lightning (4/15)
 s - a wand of flame (30/48)
 w - a wand of lightning (0/15)
 y - a wand of iceblast (1/15)
 C - a wand of flame (19/48)
 D - a wand of acid (0/15)
Scrolls
 l - 3 scrolls of remove curse
 n - 3 scrolls of fog
 A - 2 scrolls of identify
Potions
 i - 3 potions of magic
 m - a potion of cancellation
 o - 4 potions of brilliance
Comestibles
 f - 5 bread rations
 h - 18 fruits
 x - 2 chunks of flesh


   Skills:
 + Level 8.0(7.6) Fighting
 * Level 8.5(8.1) Long Blades
   Level 1.7(1.4) Staves
 + Level 6.8(6.4) Throwing
 + Level 6.6(6.2) Armour
 + Level 6.6(6.2) Dodging
 + Level 6.4(6.0) Shields


You had 10 spell levels left.
You didn't know any spells.

Dungeon Overview and Level Annotations

Branches:
Dungeon (10/15)            Temple (0/1) D:4            Lair (0/6) D:8
    Orc: D:9-12

Shops:
D:7 }[*   D:8 =

Annotations:
D:9 slenderog's ghost, novice HESk


Innate Abilities, Weirdness & Mutations

You have an increased reservoir of magic. (+10% MP)


Message History

Wield which item (- for none, * to show all)? (? for menu, Esc to quit)
Your +1 short sword of holy wrath softly glows with a divine radiance!
c - a +1 short sword of holy wrath (weapon)
The wraith hits you.
* * * LOW HITPOINT WARNING * * *
The wraith drains your vigour!
You feel as though you will be slow longer.
You hit the wraith but do no damage.
The wraith is severely damaged.
The wraith hits you but does no damage. x2
You hit the wraith but do no damage.
The wraith is severely damaged.
The wraith closely misses you.
You barely miss the wraith.
The wraith is severely damaged.
The wraith hits you but does no damage.
You barely miss the wraith.
The wraith is severely damaged.
The wraith hits you!
You die...

#....#.......# #.
#....#.# #...# #.
#....#.# #...# #(####
#....#.###.... #.....
###..'........
#....#####..#....####
#....#......#.#..#
#....#......#.#..#
#..(@#......#.#..#
#.##W#......#.#..#
#..))#..##'##....#
#....##'#.........
#.##.(......... #.
#...#....... #
#...#.......
..(..........
##############


You could see a wraith.

Vanquished Creatures
  Josephine (D:10)
  Harold (D:10)
  4 hill giants (D:10)
  Pikel (D:7)
  Joseph (D:7)
  2 centaur skeletons (D:10)
  2 trolls
  2 two-headed ogres
  Prince Ribbit (D:7)
  2 hippogriffs
  2 wraiths (D:9)
  5 yaks (D:9)
  3 wyverns
  Grum (D:8)
  A sky beast (D:7)
  3 ice beasts
  A slave (D:7)
  A necrophage (D:6)
  3 orc warriors
  A wasp (D:8)
  3 ogres
  3 wolves (D:8)
  6 centaurs
  A big kobold (D:8)
  5 bullfrogs
  3 scorpions
  5 killer bees (D:8)
  5 wights
  2 howler monkeys
  7 crimson imps
  A bullfrog zombie (D:6)
  A quasit (D:8)
  5 hounds
  A jelly (D:8)
  6 orc priests
  A bullfrog skeleton (D:4)
  6 orc wizards
  5 iguanas
  Ijyb (D:2)
  10 worker ants
  A killer bee zombie (D:8)
  A hound skeleton (D:5)
  2 hound zombies
  2 worker ant zombies
  2 howler monkey zombies (D:9)
  15 gnolls
  9 adders
  3 shadow imps (D:9)
  2 adder skeletons
  An adder zombie (D:3)
  2 worms (D:2)
  3 dart slugs
  2 leopard geckos
  27 orcs
  4 ball pythons
  7 bats
  7 giant cockroaches
  7 hobgoblins
  6 jackals
  6 quokkas
  A ball python zombie (D:3)
  A frilled lizard (D:3)
  A giant cockroach zombie (D:6)
  15 goblins
  A jackal skeleton (D:3)
  6 kobolds
  2 quokka skeletons
  10 rats
261 creatures vanquished.

Vanquished Creatures (others)
  3 slaves (D:7)
  2 orc wizards
5 creatures vanquished.

Grand Total: 266 creatures vanquished

Notes
Turn   | Place    | Note
-------+----------+-------------------------------------------
     0 | D:1      | AlphabetPasta the Demigod Wanderer began the quest for the Orb.
     0 | D:1      | AlphabetPasta set off with: a +0 shield, a +0 short sword, 10 poisoned needles, a +0 blowgun, a +0 robe, a bread ration
     0 | D:1      | Reached XP level 1. HP: 22/22 MP: 3/3
   398 | D:1      | Reached XP level 2. HP: 28/28 MP: 4/4
   697 | D:2      | Found a faded altar of an unknown god.
  1174 | D:2      | Reached XP level 3. HP: 26/35 MP: 5/5
  1458 | D:2      | Noticed Ijyb
  1467 | D:2      | Reached skill level 1 in Armour
  1489 | D:2      | Killed Ijyb
  1489 | D:2      | Reached skill level 1 in Dodging
  1999 | D:2      | Reached XP level 4. HP: 37/41 MP: 6/6
  2239 | D:2      | Reached skill level 5 in Fighting
  2902 | D:2      | Reached XP level 5. HP: 29/48 MP: 7/7
  3761 | D:4      | Reached XP level 6. HP: 48/56 MP: 8/8
  4128 | D:4      | Found a staircase to the Ecumenical Temple.
  4480 | D:5      | Entered Level 5 of the Dungeon
  4695 | D:5      | Found a blossoming altar of Fedhas.
  4717 | D:5      | Reached XP level 7. HP: 51/61 MP: 9/9
  4829 | D:5      | Got a bound bone ring
  4830 | D:5      | Identified the ring of Mutikecsya {rElec rF+ MR+ Dex-3} (You found it on level 5 of the Dungeon)
  6227 | D:6      | Reached XP level 8. HP: 53/70 MP: 10/10
  7015 | D:7      | Noticed Pikel
  7018 | D:7      | Killed Pikel
  7023 | D:7      | Noticed a hippogriff
  7459 | D:7      | Noticed a troll
  8099 | D:7      | Found Suuffeoreicw's Gadget Shop.
  8107 | D:7      | Bought a wand of lightning (10/15) for 224 gold pieces
  8131 | D:7      | Reached XP level 9. HP: 67/78 MP: 11/11
  8237 | D:7      | Found Akikaivi's Armour Shop.
  8248 | D:7      | Bought a +0 pair of boots for 63 gold pieces
  8281 | D:7      | Found Heahoil's Assorted Antiques.
  8284 | D:7      | Bought a scroll labeled ORPHEM FATROMPA for 24 gold pieces
  8284 | D:7      | Bought a bubbling purple potion for 21 gold pieces
  8284 | D:7      | Bought an orange potion for 21 gold pieces
  8295 | D:7      | Noticed Joseph
  8600 | D:7      | Reached skill level 5 in Long Blades
  8654 | D:7      | Upgraded the game from 0.19-a0-1675-gc11f27c to 0.19-a0-1682-g5114f93
  8716 | D:7      | Reached skill level 5 in Throwing
  8909 | D:8      | Noticed Prince Ribbit
  9090 | D:7      | Killed Prince Ribbit
  9808 | D:8      | Found Anakhuas's Jewellery Emporium.
  9883 | D:8      | Noticed Grum
  9923 | D:8      | Reached skill level 5 in Dodging
  9928 | D:8      | Killed Grum
 10130 | D:8      | Reached skill level 5 in Armour
 10330 | D:8      | Found a staircase to the Lair.
 11193 | D:9      | Noticed slenderog's ghost (novice HESk)
 11273 | D:8      | Reached skill level 5 in Shields
 11727 | D:9      | Reached XP level 10. HP: 72/86 MP: 13/13
 12637 | D:7      | Killed Joseph
 13264 | D:10     | Entered Level 10 of the Dungeon
 13701 | D:10     | Noticed Josephine
 14484 | D:10     | Noticed a hill giant
 14580 | D:10     | Killed a hill giant
 14648 | D:10     | Noticed a hill giant
 14711 | D:10     | Killed a hill giant
 14711 | D:10     | Reached XP level 11. HP: 31/93 MP: 14/14
 14985 | D:10     | Noticed a hill giant
 15028 | D:10     | Killed a hill giant
 15239 | D:10     | Noticed Harold
 15295 | D:10     | Killed Harold
 15609 | D:10     | Noticed a hill giant
 15699 | D:10     | Killed a hill giant
 15985 | D:10     | Killed Josephine
 15987 | D:10     | HP: 4/94 [wraith[Josephine] (4)]
 15991 | D:10     | Mangled by a wraith

Vault maps used:
D:1:      minmay_arrival_plants_in_alcoves
D:2:      kennysheep_the_goblin_king, ecumenical_altar_2, uniq_iyjb
D:3:      portal_sewer_entry_a, first_bread, serial_undead, serial_undead_e,
          serial_undead_d, serial_undead_a, serial_undead_f
D:5:      fedhas_altar_1
D:6:      minmay_misc_feat_iff
D:7:      serial_shops, shop, shop_coins, shop, uniq_joseph, uniq_pikel
D:8:      lair_0_dummy, serial_shops, nicolae_shop_competitors_out_of_business,
          blue_anna_alchemist, uniq_prince_ribbit1, uniq_grum
D:9:      serial_glass, glass_columns_a, glass_columns_a
D:10:     ldierk_geyser, uniq_harold, uniq_josephine

Skill      XL: |  1  2  3  4  5  6  7  8  9 10 11 |
---------------+----------------------------------+-----
Armour         | 1 2 3 4 5 6 |  6.6
Dodging        | 1 2 3 4 5 6 |  6.6
Fighting       | 5 6 7 8 |  8.0
Throwing       | 2 3 4 5 6 |  6.8
Shields        | 2 3 4 5 6 |  6.4
Long Blades    | 2 4 6 7 8 |  8.5
Staves         | |  1.7

Action                   |  1- 3 |  4- 6 |  7- 9 | 10-12 || total
-------------------------+-------+-------+-------+-------++-------
Melee: Short sword       |   172 |   187 |    43 |    28 ||   430
       Morningstar       |       |   167 |    10 |       ||   177
       Falchion          |       |       |   606 |       ||   606
       Long sword        |       |       |   319 |   315 ||   634
 Fire: Blowgun           |       |    11 |     1 |   146 ||   158
Throw: Tomahawk          |       |       |     9 |     6 ||    15
Evoke: Wand              |       |       |    20 |     8 ||    28
  Use: Scroll            |     9 |     9 |    13 |     1 ||    32
       Potion            |       |     3 |     7 |     2 ||    12
 Stab: Sleeping          |     3 |       |       |       ||     3
  Eat: Chunk             |     3 |    10 |     9 |     6 ||    28
       Meat ration       |       |       |     2 |       ||     2
       Bread ration      |       |       |     1 |     1 ||     2
       Fruit             |       |       |     2 |     4 ||     6
       Pizza             |       |       |     1 |     1 ||     2
Armor: Robe              |     9 |       |       |       ||     9
       Ring mail         |    34 |   146 |   331 |    80 ||   591
Dodge: Dodged            |    53 |   110 |   398 |   136 ||   697
Block: Shield            |    56 |   148 |   481 |   191 ||   876
